Map: Miner Evacuation

Players

NamroodTuo

  • Race: Zerg Zerg

Quark

  • Race: Terran Terran

VOD

Have the link to the VOD?

Description

Time

  • Played on: March 25, 2023, 5:02 a.m.
  • Length: 28:34
Show
View Real Time Build Order
Export as new Build Order

NamroodTuo Zerg 

Build Orders:  

Get SALT Encoding   

  12  0:12  Overlord  
  12  0:19  Infested SCV  
  13  0:25  Infested SCV  
  14  0:31  Infested SCV  
  15  0:49  Infested Barracks  
  15  0:55  Infested SCV  
  16  1:01  Infested SCV  
  16  1:08  Infested SCV  
  18  1:20  Infested Refinery  
  18  1:22  Infested SCV  
  19  1:44  Infested SCV  
  20  1:50  Infestation Level 1  
  20  1:53  Infested SCV  
  21  2:17  Infested SCV, Infested Refinery  
  22  2:30  Infested SCV  
  22  2:31  Infested Engineering Bay  
  23  2:48  Overlord  
  23  2:59  Overlord  
  23  3:08  Infested Factory  
  23  3:13  Infested SCV  
  24  3:30  Infested SCV  
  25  3:50  Anaerobic Enhancement  
  25  3:52  Regenerative Plating  
  25  4:03  Infested SCV x2  
  27  4:20  Infested Factory Tech Lab  
  27  4:50  Infestation Level 2  
  27  4:51  Overlord x2  
  27  4:52  Stukov Infantry Weapons Level 1  
  27  5:17  Infested Marine x4  
  27  5:18  Infested Marine x6  
  37  5:57  Infested Bunker  
  41  6:06  Saturated Cultures  
  41  6:19  Infested Armory  
  39  6:20  Overlord  
  39  6:23  Overlord  
  39  6:26  Infested SCV  
  31  6:48  Infested Marine x5  
  36  6:50  Broodling Gestation  
  36  7:02  Infested SCV x4  
  35  7:35  Infested Marine  
  35  7:36  Infested Marine x15  
  51  8:07  Overseer x3  
  51  8:20  Infestation Level 3  
  51  8:37  Infested Bunker  
  55  9:07  Overlord  
  55  9:08  Overlord x3  
  39  9:23  Infested Barracks Tech Lab  
  39  9:27  Calcified Armor  
  39  9:37  Infested SCV  
  40  10:03  Infested Command Center  
  40  10:16  Infested Marine  
  40  10:17  Infested Marine x2  
  40  10:18  Infested Marine  
  44  10:32  Retinal Augmentation  
  44  10:40  Stukov Infantry Armor Level 1  
  44  10:59  Infested Bunker  
  48  11:35  Caustic Mucus  
  48  11:38  Plagued Munitions  
  48  11:50  Infested SCV  
  48  11:51  Infested SCV x2  
  47  12:09  Infested SCV  
  48  12:26  Infested Bunker  
  52  12:31  Infested SCV  
  52  12:32  Infested SCV  
  54  13:20  Stukov Infantry Weapons Level 2  
  54  13:30  Infested Colonist Compound  
  54  14:02  Infested Marine x7  
  54  14:03  Infested Marine x2  
  63  14:23  Overlord x2  
  63  14:24  Infested SCV x3  
  63  14:25  Aggressive Incubation  
  66  14:38  Infested Marine  
  66  14:39  Infested Marine x17  
  84  14:54  Infested Bunker  
  84  14:56  Infested SCV x2  
  90  15:05  Infested Bunker  
  90  15:07  Infested Bunker  
  98  15:12  Stukov Vehicle and Ship Weapons Level 1  
  98  15:14  Infested Diamondback x3  
  98  15:18  Overlord  
  107  15:21  Infested SCV  
  99  15:49  Infested SCV  
  100  15:50  Infested SCV x2  
  106  16:10  Infested Bunker  
  106  16:11  Infested Bunker  
  106  16:12  Infested SCV  
  93  16:22  Infested SCV, Infested Refinery  
  93  16:29  Overlord x2  
  94  16:30  Stukov Infantry Armor Level 2  
  94  16:56  Unknown  
  94  16:59  Infested Marine  
  95  17:00  Infested Marine x5  
  100  17:11  Infested Diamondback x2  
  100  17:12  Infested Diamondback x2  
  111  17:59  Infested Marine x6  
  116  18:00  Infested Marine x2  
  118  18:18  Infested Diamondback x4  
  130  18:26  Overlord x5  
  130  18:27  Overlord  
  125  18:49  Overlord x2  
  125  18:50  Overlord x3  
  125  18:53  Overseer  
  125  19:00  Overseer  
  125  19:04  Overseer  
  129  19:31  Infested Bunker  
  121  20:08  Infested Diamondback  
  121  20:09  Infested Diamondback x4  
  136  20:43  Overlord  
  136  20:44  Infested SCV x3  
  136  20:45  Infested SCV  
  140  20:55  Infested Refinery  
  144  21:00  Infested Bunker  
  144  21:09  Infested Bunker  
  148  21:16  Stukov Vehicle and Ship Armor Level 1  
  148  21:36  Infested SCV  
  148  21:37  Infested SCV  
  148  21:39  Overlord  
  150  21:48  Infested Bunker  
  154  22:14  Overseer x4  
  154  22:33  Infested Marine  
  154  22:35  Infested Diamondback  
  154  22:36  Infested Diamondback x3  
  167  22:41  Infested Diamondback  
  170  23:09  Stukov Infantry Armor Level 3  
  169  23:56  Stukov Vehicle and Ship Weapons Level 2  
  172  24:31  Infested Bunker  
  172  24:34  Infested Bunker  
  171  24:57  Infested Diamondback x4  
  171  24:58  Infested Diamondback  
  186  25:53  Infested Bunker  
  181  27:39  Infested Diamondback x4  
  193  27:40  Infested Diamondback  
  193  27:48  Infested Bunker  
Show
View Real Time Build Order
Export as new Build Order

Quark Terran 

Build Orders:  

Get SALT Encoding   

  12  0:03  SCV  
  13  0:20  SCV  
  14  0:37  SCV  
  15  0:46  Refinery  
  15  0:54  SCV  
  15  0:56  Refinery  
  16  1:11  SCV  
  17  1:23  Gunslingers Hideout  
  17  1:28  SCV  
  18  1:44  Engineering Bay  
  18  1:45  SCV  
  19  2:02  SCV  
  20  2:19  SCV  
  21  2:36  SCV  
  22  2:53  SCV  
  23  3:01  Tychus  
  23  3:10  SCV  
  24  3:30  SCV  
  24  3:32  Fixers Safehouse  
  25  3:47  SCV  
  26  4:04  SCV  
  27  4:19  James Sirius Sykes  
  37  4:34  ITC-E Triggers  
  37  5:00  Muscle Armory  
  37  5:01  SCV  
  38  5:36  Medivac Platform  
  38  6:00  Kel-Morian Ripper Rounds  
  38  6:04  Flashforce GDM Visor  
  38  8:02  SCV  
  38  8:08  Endurance Supplements  
  39  8:19  SCV  
  40  8:36  SCV, Lt Layna Nikara  
  51  8:52  Command Center  
  51  8:53  SCV  
  52  9:09  SCV  
  53  9:26  SCV  
  54  9:38  Outlaw Weapons Level 1  
  54  9:43  SCV  
  55  9:59  Refinery  
  55  10:00  SCV  
  56  10:17  SCV  
  57  10:21  Medivac Platform, Refinery  
  57  10:34  SCV  
  58  10:43  Procyon Twin Heal Beam Gauntlet  
  58  10:51  Procyon Serum, SCV  
  59  11:08  SCV  
  60  11:25  Medivac Platform  
  40  12:10  SCV x2  
  42  12:27  SCV x2  
  54  12:44  SCV x2  
  66  13:01  SCV x2  
  66  13:07  Outlaw Weapons Level 2  
  68  13:18  SCV x2  
  60  14:10  Miles Blaze Lewis  
  60  14:14  SCV  
  60  14:15  SCV  
  72  14:31  SCV  
  72  14:32  SCV  
  74  14:44  SA-55 Thunderbolt Missiles  
  74  14:48  SCV  
  74  14:49  SCV  
  76  15:05  SCV x2  
  78  15:22  SCV x2  
  78  15:27  Outlaw Life and Armor Level 1  
  80  15:32  Crooked Sam  
  90  16:03  Umojan Repair Nanites  
  90  16:56  Vanadium Shell  
  90  16:57  KD9a Implosion Core  
  90  17:23  SCV  
  91  18:14  XM-77 Matrix Generator  
  90  19:18  Outlaw Weapons Level 3  
  89  19:24  SureShot Networked Helmet  
  89  19:40  Wildflame Fuel Additives  
  89  21:58  Outlaw Life and Armor Level 2  
  89  23:04  D99 Detonator, Moebius M34 Terror Rounds  
  89  23:05  Umojan Turret Frame  
  89  23:12  LarsCorp G7 Charges  
  89  23:13  Procyon Shade Suit  
  89  23:15  Moebius Restraint Matrix  
  89  24:18  Big Red Button  
  89  25:47  Enhanced Hostilities Kit  
  89  25:48  Hades Oil  
  89  25:49  High Capacity Containers  
  89  26:21  XCMC-670 Combat Suit  
Tags
 
Commander
StukovTychus
Matchup
Co-op
Replay Pack
Multiplayer
Add a new tag
Caveats
  • Supply blocks, unpowered buildings, or Contaminate may cause inaccurate times.
  • Supply counts are checked every 10 seconds.